 Dungeon Crawl Stone Soup version 0.26-a0-720-g2a1d101370 (webtiles) character file.

Game seed: 17474471492775147837

53 demibob the Ruffian (level 3, -3/29 HPs)
             Began as a Demonspawn Chaos Knight on Nov 3, 2020.
             Was a Plaything of Xom.
             Slain by a gnoll
             ... wielding a +0 whip
              (7 damage)
             ... on level 2 of the Dungeon.
             The game lasted 00:02:23 (1431 turns).

demibob the Ruffian (Demonspawn Chaos Knight)       Turns: 1431, Time: 00:02:24

Health: -3/29      AC:  5    Str: 13    XL:     3   Next: 62%
Magic:  3/3        EV: 12    Int: 13    God:    Xom [.*....]
Gold:   58         SH:  0    Dex: 12    Spells: 2/2 levels left

rFire    . . .     SeeInvis .     - Unarmed
rCold    . . .     Faith    .   (no shield)
rNeg     . . .     Spirit   .   a - +2 leather armour
rPois    .         Reflect  .   (no helmet)
rElec    .         Harm     .   (no cloak)
rCorr    .         Rampage  .   (no gloves)
MR       .....                  (no boots)
Stlth    +.........             (no amulet)
HPRegen  0.09/turn              (no ring)
MPRegen  0.08/turn              (no ring)

@: berserk cooldown, stab, slowed, lightly drained, very slow
A: sturdy frame 1
a: Renounce Religion


You were on level 2 of the Dungeon.
You worshipped Xom.
You were a plaything of Xom.
You visited 1 branch of the dungeon, and saw 2 of its levels.

You collected 58 gold pieces.

Inventory:

Armour
 a - a +2 leather armour (worn)
Scrolls
 d - a scroll of magic mapping {unknown}
 e - a scroll of identify


   Skills:
 - Level 3.0(2.7) Fighting
 - Level 1.7(1.5) Armour
 + Level 1.6(1.3) Dodging
 + Level 0.3(0.0) Stealth
 + Level 3.9(3.6) Unarmed Combat


You had 2 spell levels left.
You didn't know any spells.
Your spell library was empty.

Dungeon Overview and Level Annotations

Branches:
Dungeon (2/15)

Altars:


Innate Abilities, Weirdness & Mutations

Your movements are slightly less encumbered by armour. (ER -2)


Message History

The gnoll hits you but does no damage.
You barely miss the gnoll.
The gnoll is severely wounded.
You are no longer berserk.
You pass out from exhaustion.
You feel yourself slow down. The gnoll hits you but does no damage.
The gnoll hits you with a +0 whip. x2
* * * LOW HITPOINT WARNING * * *
The gnoll hits you with a +0 whip.
* * * LOW HITPOINT WARNING * * *
The gnoll barely misses you.
You can move again.
It was a potion of stabbing.
You feel ready to backstab.
Xom thinks this is hilarious!
The gnoll misses you.
You hit the gnoll.
The gnoll is almost dead.
The gnoll closely misses you. The gnoll hits you with a +0 whip!
You die...

.........................
#.#....#....#)#.......#.
#.####.#....#.#######.#.
#......#....#.# #.#'
######.#....#.# #...
##### #.#......... #...
#....##............ #...
...B..##.##........###...
B.....=#@##..............
.B..gBB#g# ..............
B.B....#B# ..........
.)...B.BB# ..........
.....B##.# ######.#.
#$... #.# # #.#( #### #.#
#.#######.#. #.#
#...>.....#. #.#
####...####.


You could see a gnoll and 3 giant cockroaches.

Vanquished Creatures
  2 gnolls (D:2)
  2 dart slugs
  A giant cockroach (D:2)
  2 goblins
  3 hobgoblins (D:1)
  A quokka (D:2)
  A ball python (D:1)
  6 bats
  A frilled lizard (D:2)
  6 kobolds
  5 rats
30 creatures vanquished.

Notes
Turn   | Place    | Note
-------+----------+-------------------------------------------
     0 | D:1      | demibob the Demonspawn Chaos Knight began the quest for the
                  | Orb.
     0 | D:1      | Reached XP level 1. HP: 18/18 MP: 1/1
   192 | D:1      | Gained mutation: Your movements are slightly less
                  | encumbered by armour. (ER -2) [demonic ancestry]
   192 | D:1      | Reached XP level 2. HP: 24/24 MP: 2/2
   358 | D:1      | XOM: silly message
   375 | D:1      | XOM: summons 3 hostile shadow creatures
   566 | D:1      | Reached skill level 1 in Dodging
   593 | D:1      | XOM: torment (13/24 hp)
   648 | D:1      | XOM: 3-stop teleportation journey
   804 | D:1      | XOM: summons 3 hostile shadow creatures
   833 | D:1      | XOM: polymorph leopard gecko -> rat
   852 | D:1      | XOM: summons 2 hostile shadow creatures
  1154 | D:2      | Reached XP level 3. HP: 20/29 MP: 3/3
  1431 | D:2      | Slain by a gnoll

Illustrated notes

Levels and vault maps discovered:
D:1:      lemuel_arrival_river_bridge, layout_basic
D:2:      minmay_roachtagon, layout_basic, kennysheep_donut

Skill      XL: |  1  2 |
---------------+-------+-----
Unarmed Combat | 3 |  3.9
Dodging        | 1 |  1.6
Fighting       | |  3.0
Armour         | |  1.7
Stealth        | |  0.3

Action                   || total
-------------------------++-------
Melee: Unarmed           ||   150
  Use: Scroll            ||     3
       Potion            ||     2
 Stab: Sleeping          ||     1
Armor: Leather armour    ||    65
Dodge: Dodged            ||    88

Table legend: (Time is in decaauts)
 A = Elapsed time spent in this place.
 B = Non-inter-level travel time spent in this place.
 C = Inter-level travel time spent in this place.
 D = Time resting spent in this place.
 E = Time spent auto-exploring this place.
 F = Levels seen in this place.
 G = Mean time per level.
                   A        B        C        D        E       F      G
               +--------+--------+--------+--------+--------+-----+--------+
         Total |   1417 |   1383 |     34 |    205 |    936 |   2 |  708.5 |
       Dungeon |   1417 |   1383 |     34 |    205 |    936 |   2 |  708.5 |
               +--------+--------+--------+--------+--------+-----+--------+

Top non-repeatable levels by time:
     D:1: 872 daAuts
     D:2: 545 daAuts
